 Dungeon Crawl Stone Soup version 0.17-a0-1941-gcc30b76 (webtiles) character file.

45 Ordine the Digger (level 3, -1/19 HPs)
             Began as a Gargoyle Earth Elementalist on Sept 30, 2015.
             Slain by Terence
             ... wielding a +0 mace of holy wrath
              (7 damage)
             ... on level 2 of the Dungeon.
             The game lasted 00:04:48 (1735 turns).

Ordine the Digger (Gargoyle Earth Elementalist)     Turns: 1735, Time: 00:04:48

Health: -1/19      AC:  5    Str: 11    XL:     3   Next: 64%
Magic:  0/7        EV: 17    Int: 16    God:
Gold:   100        SH:  0    Dex: 10    Spells: 3 memorised, 2 levels left

rFire  . . .     SeeInvis .     l - +1 flail (holy)
rCold  . . .     Clarity  .     b - +0 robe
rNeg   + . .     SustAt   .     (no shield)
rPois  ∞         Gourm    .     (no helmet)
rElec  +         Spirit   .     (no cloak)
rCorr  .         Warding  .     (no gloves)
rMut   .         Stasis   .     (no boots)
MR     .....                    (no amulet)
Stlth  ++........               (no ring)
                                f - +5 ring of evasion

@: not resistant to hostile enchantments, unstealthy
A: negative energy resistance 1, electricity resistance, unbreathing,
petrification resistance, rot immunity, AC +3
a: no special abilities


You were on level 2 of the Dungeon.
You were not hungry.

You visited 1 branch of the dungeon, and saw 2 of its levels.

You collected 100 gold pieces.

Inventory:

Hand weapons
 l - a +1 flail of holy wrath (weapon)
Missiles
 a - 86 stones (quivered)
Armour
 b - a +0 robe (worn)
Jewellery
 f - a +5 ring of evasion (left hand)
Scrolls
 h - a scroll of recharging {unknown}
Potions
 e - a potion of magic
 g - a potion of agility {unknown}
 i - 2 potions of flight {unknown}
 j - 2 potions of haste {unknown}
Books
 c - a book of Geomancy

   Spells                             Type                      Level
   a - Sandblast                      Earth                        1
   b - Stoneskin                      Transmutation/Earth          2
   c - Passwall                       Transmutation/Earth          3
   d - Stone Arrow                    Conjuration/Earth            3
   e - Petrify                        Transmutation/Earth          4
   f - Lee's Rapid Deconstruction     Earth                        5
Comestibles
 d - a bread ration


   Skills:
 - Level 1.5 Dodging
 - Level 2.1 Stealth
 * Level 3.1 Spellcasting
 - Level 0.7 Transmutations
 + Level 4.3 Earth Magic


You had 2 spell levels left.
You knew the following spells:

 Your Spells              Type           Power        Failure   Level  Hunger
a - Sandblast             Erth           ###...       3%          1    None
b - Stoneskin             Trmt/Erth      ##......     12%         2    ##.....
c - Stone Arrow           Conj/Erth      #.....       28%         3    ###....


Dungeon Overview and Level Annotations

Branches:
Dungeon (2/15)

Altars:

Annotations:
D:2 Terence


Innate Abilities, Weirdness & Mutations

You are resistant to torment.
Your stone body is resilient (AC +3).
You are immune to poison.
You resist negative energy.
You are resistant to electric shocks.
You can survive without breathing.
You are immune to petrification.
You are immune to rotting.


Message History

Terence completely misses you.
Casting: Sandblast
Confirm with . or Enter, or press ? or * to list all spells.
Aiming: Sandblast
Press: ? - help, Shift-Dir - straight line, f/p - Terence
Aim: Terence, wielding a mace of holy wrath and wearing a ring mail (lightly wounded)
The blast of sand hits Terence.
Terence is heavily wounded.
Terence barely misses you.
You closely miss Terence.
Terence is moderately wounded.
Terence hits you with a mace of holy wrath.
You closely miss Terence.
Terence is moderately wounded.
Terence closely misses you.
You hit Terence but do no damage.
Terence is moderately wounded.
Terence hits you with a mace of holy wrath.
Terence hits you with a mace of holy wrath!
You die...

#.#
#.#########
#.........#
#########.#
#.. #.# #.#
#.# #.# #.#
#@# #.#
##@####.#
#.......#
#######.#
###


You could see Terence.

Vanquished Creatures
  A gnoll (D:1)
  An ooze (D:1)
  A worm (D:2)
  3 giant geckos
  2 giant cockroaches (D:1)
  3 goblins (D:1)
  4 hobgoblins
  4 kobolds
  3 jackals (D:1)
  4 rats
26 creatures vanquished.

Notes
Turn   | Place    | Note
--------------------------------------------------------------
     0 | D:1      | Ordine the Gargoyle Earth Elementalist began the quest for the Orb.
     0 | D:1      | Reached XP level 1. HP: 10/10 MP: 3/3
   244 | D:1      | Reached XP level 2. HP: 9/15 MP: 0/5
   251 | D:1      | Learned a level 2 spell: Stoneskin
   519 | D:1      | Reached skill level 4 in Earth Magic
   647 | D:1      | Reached XP level 3. HP: 10/19 MP: 1/7
   755 | D:1      | Learned a level 3 spell: Stone Arrow
  1712 | D:2      | Noticed Terence
  1735 | D:2      | Slain by Terence

Vault maps used:
D:1:      minmay_arrival_diagonal_passages
D:2:      uniq_terence, uniq_iyjb

Action                   || total
-------------------------++-------
Melee: Unarmed           ||     6
       Club              ||     7
       Flail             ||    67
 Cast: Sandblast         ||    29
  Use: Scroll            ||     3
 Stab: Sleeping          ||     1
  Eat: Chunk             ||     3
